 Dungeon Crawl Stone Soup version 0.29.1-2-gbd0b4ee654 (webtiles) character file.

Game seed: 14852803525311476193

42 Mune the Ducker (level 3, -10/25 HPs)
             Began as a Djinni Hedge Wizard on Nov 25, 2022.
             Mangled by a polar bear (20 damage)
             ... created by the rage of Trog
             ... on level 2 of the Dungeon.
             The game lasted 00:06:08 (2548 turns).

Mune the Ducker (Djinni Hedge Wizard)               Turns: 2548, Time: 00:06:09

Health: -10/25     AC:  2    Str:  7 (9)  XL:     3   Next: 80%
Gold:   31         EV: 12    Int: 17      God:
                   SH:  0    Dex: 12

rFire   + + .      SeeInvis .   a - +0 dagger
rCold   x . .      Faith    .   (no shield)
rNeg    . . .      Spirit   .   b - +0 robe
rPois   ∞          Reflect  .   c - +0 hat
rElec   .          Harm     .   (no cloak)
rCorr   .          Rampage  .   (no gloves)
Will    .....                   (boots unavailable)
Stlth   ++........              (no amulet)
HPRegen 0.08/turn               (no ring)
MPRegen 0.00/turn               (no ring)

@: flying
A: sickness immunity, fire resistance 2, cold vulnerability 1, float, innate
caster, HP casting, extra vitality 1
a: no special abilities


You were on level 2 of the Dungeon.
You visited 1 branch of the dungeon, and saw 2 of its levels.

You collected 31 gold pieces.

Inventory:

Hand Weapons
 a - a +0 dagger (weapon)
 e - a +0 dagger
 h - a +0 short sword
Armour
 b - a +0 robe (worn)
 c - a +0 hat (worn)
 g - a +0 leather armour
 p - +0 fire dragon scales
Scrolls
 d - a scroll of noise {unknown}
 j - a scroll of enchant weapon {unknown}
 k - a scroll of magic mapping {unknown}
 l - 3 scrolls of teleportation {unknown}
 m - 2 scrolls of identify {unknown}
 n - a scroll of summoning {unknown}
 s - a scroll of silence {unknown}
Potions
 f - a potion of degeneration {unknown}
 i - 2 potions of berserk rage {unknown}
 o - a potion of flight {unknown}
 q - a potion of lignification {unknown}
 r - a potion of heal wounds {unknown}
 t - a potion of brilliance {unknown}
 u - a potion of curing {unknown}


   Skills:
 + Level 0.3 Fighting
 + Level 0.3 Armour
 + Level 3.0 Dodging
 + Level 1.9 Stealth
 - Level 2.9 Spellcasting


You couldn't memorise any spells.
You knew the following spells:

 Your Spells              Type           Power      Damage    Failure   Level
a - Magic Dart            Conj           48%        1d5       5%          1
b - Blink                 Tloc           24%        N/A       8%          2
c - Call Imp              Summ           12%        N/A       8%          2
d - Slow                  Hex            48%        N/A       5%          1
e - Conjure Flame         Conj/Fire      12%        6-21      16%         3
f - Mephitic Cloud        Conj/Pois/Air  12%        N/A       16%         3
g - Summon Small Mammal   Summ           48%        N/A       5%          1
Your spell library was empty.

Dungeon Overview and Level Annotations

Branches:
Dungeon (2/15)

Altars:
Trog


Innate Abilities, Weirdness & Mutations

You are immune to sickness and miasma.
You are immune to poison.
Your flesh is very heat resistant. (rF++)
You are vulnerable to cold. (rC-)
You float through the air rather than walking.
You learn spells naturally, not from books.
Your magical power is your life essence.
You have superior vitality. (+4 MHP)


Message History

Confirm with . or Enter, or press ? or * to list all spells.
Aiming: Magic Dart (safe; 5% risk of failure)
Press: ? - help, Shift-Dir - straight line, f/p - adder
Aim: an adder (almost dead, slow, 100% to hit)
The magic dart hits the adder.
You kill the adder!
Your Dodging skill increases to level 3!
Casting: Magic Dart (safe; 5% risk of failure)
Confirm with . or Enter, or press ? or * to list all spells.
You can't see any susceptible monsters within range! (Use Z to cast anyway.) Unknown command.
Trog's voice booms out, "Feel my wrath!"
You feel weakened.
Your magical contamination has completely faded away.
There is an open door here.
You see here an adder corpse.
u - a ruby potion You reach down and open the door.
A frilled lizard comes into view.
The frilled lizard hisses angrily.
Casting: Magic Dart (safe; 5% risk of failure)
Confirm with . or Enter, or press ? or * to list all spells.
Aiming: Magic Dart (safe; 5% risk of failure)
Press: ? - help, Shift-Dir - straight line, f - frilled lizard
Aim: a frilled lizard (100% to hit)
The magic dart hits the frilled lizard.
You kill the frilled lizard!
There is an open door here.
Found a stone staircase leading up.
Trog sends monsters to punish you.
A black bear and 3 polar bears come into view.
The black bear attacks as you move away!
The black bear closely misses you. The black bear completely misses you.
The black bear claws you!
The polar bear barely misses you. x2; The polar bear claws you!
You reach down and open the door.
The polar bear closely misses you. The polar bear barely misses you.
The polar bear claws you. The polar bear bites you!!
Ouch! That really hurt!
You die...

###### .<..#.# ...
###.#.#.# ...
#...#.#.# ... #
#.....#.###+# #..
###.#.#h.......#...
#..
......'@h..........
#..
###.#.#.hh.........
+.. ..
+............ #..
#. #............
#.. #
#...###'#+#.... #..
###.# #.# .... +..
... #.# ... #..
#### #.# .. #.. #.#
###


You could see 3 polar bears and a black bear (berserk).

Vanquished Creatures
  An adder (D:2)
  A dart slug (D:1)
  4 ball pythons (D:1)
  4 endoplasms
  A giant cockroach (D:1)
  A goblin (D:2)
  3 hobgoblins
  3 jackals (D:1)
  2 kobolds (D:1)
  A quokka (D:1)
  3 bats
  A frilled lizard (D:2)
  4 rats
29 creatures vanquished.

Notes
Turn   | Place    | Note
-------+----------+-------------------------------------------
     0 | D:1      | Mune the Djinni Hedge Wizard began the quest for the Orb.
     0 | D:1      | Mune set off with the following spells memorised: Magic
                  | Dart, Blink, Call Imp, Slow, Conjure Flame, Mephitic Cloud.
     0 | D:1      | Reached XP level 1. HP: 15/15 MP: 0/0
   253 | D:1      | Reached XP level 2. HP: 17/21 MP: 0/0
   714 | D:1      | Found a faded altar of an unknown god.
   766 | D:1      | Prayed at the altar of an unknown god.
   766 | D:1      | Became a worshipper of Trog the Wrathful
   766 | D:1      | Reached * piety under Trog
   978 | D:1      | Fell from the grace of Trog
  1088 | D:1      | Reached XP level 3. HP: 17/25 MP: 0/0
  1088 | D:1      | Learned a level 1 spell: Summon Small Mammal
  2348 | D:2      | Reached skill level 3 in Dodging
  2546 | D:2      | Noticed a black bear
  2546 | D:2      | Noticed a polar bear
  2546 | D:2      | Noticed a polar bear
  2546 | D:2      | Noticed a polar bear
  2548 | D:2      | Mangled by a polar bear

Illustrated notes

Levels and vault maps discovered:
D:1:      grunt_arrival_lava_bath, layout_basic,
          shapermc_ecumenical_altar_starsandcircs
D:2:      layout_basic, uniq_terence, uniq_crazy_yiuf_cottage

Skill      XL: |  1  2  3 |
---------------+----------+-----
Dodging        | 3 |  3.0
Fighting       | |  0.3
Armour         | |  0.3
Stealth        | |  1.9
Spellcasting   | |  2.9

Action                   || total
-------------------------++-------
Melee: Dagger            ||    17
 Cast: Magic Dart        ||    66
       Slow              ||     1
Invok: Berserk           ||     1
       Renounce Religion ||     1
Armor: Robe              ||     6
       Fire dragon scale ||    17
Dodge: Dodged            ||    33
